Map: Eternal Empire LE

Players

INnoVation - Winner!

  • Race: Terran Terran
  • League: Master
  • Spawn Location: 1:00

Zest

  • Race: Protoss Protoss
  • League: Master
  • Spawn Location: 7:00

Event: Shopify TSL 5

VOD

Have the link to the VOD?

Description

Time

  • Played on: June 6, 2020, 11:33 a.m.
  • Length: 7:50

All games in this series

Show
View Real Time Build Order
Export as new Build Order

INnoVation Terran - Winner!

Build Orders:  

Get SALT Encoding   

  12  0:00  SCV  
  13  0:12  SCV  
  14  0:17  Supply Depot  
  14  0:24  SCV  
  15  0:38  SCV  
  15  0:40  Barracks  
  16  0:44  Refinery  
  16  0:50  SCV  
  17  1:02  SCV  
  18  1:15  SCV  
  19  1:26  Marine  
  19  1:27  Orbital Command  
  20  1:40  Command Center  
  20  1:44  Barracks Reactor  
  20  1:53  Supply Depot  
  20  1:54  SCV  
  21  2:05  Factory  
  21  2:07  SCV  
  22  2:12  Refinery  
  22  2:19  SCV  
  22  2:20  Marine x2  
  25  2:31  SCV  
  26  2:38  Marine x2  
  26  2:43  SCV  
  29  2:48  Widow Mine  
  29  2:50  Starport  
  31  2:53  Orbital Command  
  31  2:55  SCV  
  32  3:00  Marine x2  
  34  3:07  SCV  
  34  3:09  Factory Tech Lab  
  35  3:19  SCV  
  37  3:20  SCV  
  37  3:22  Barracks  
  37  3:23  Marine  
  39  3:30  Barracks  
  39  3:32  Raven  
  41  3:36  SCV  
  41  3:37  SCV  
  41  3:39  Supply Depot  
  42  3:41  Factory Tech Lab  
  42  3:46  Bunker  
  42  3:49  SCV x2  
  42  3:52  Marine x2  
  46  4:02  SCV x2, Supply Depot  
  48  4:10  Engineering Bay, Marine x2  
  48  4:14  SCV  
  48  4:15  SCV  
  52  4:19  Stimpack  
  52  4:25  Refinery  
  52  4:27  SCV, Supply Depot  
  52  4:28  SCV, Starport Reactor  
  54  4:33  Combat Shield  
  54  4:36  Terran Infantry Weapons Level 1  
  54  4:39  SCV  
  54  4:40  SCV  
  56  4:51  SCV  
  56  4:52  SCV  
  58  4:53  Command Center  
  58  4:58  Marauder x2  
  62  5:03  SCV, Supply Depot  
  62  5:04  SCV  
  63  5:10  Refinery  
  63  5:12  Medivac x2  
  67  5:16  SCV x2  
  69  5:25  Marine x2, Marauder x2  
  75  5:29  Supply Depot  
  75  5:33  SCV x2  
  77  5:40  Supply Depot  
  77  5:45  SCV  
  77  5:48  Barracks  
  77  5:49  Barracks  
  78  5:50  SCV  
  78  5:51  Concussive Shells  
  78  5:52  Medivac x2  
  78  5:55  Marine, Marauder  
  86  6:01  Marine  
  86  6:02  SCV x2, Supply Depot, Marauder  
  91  6:07  Orbital Command  
  91  6:14  SCV x2  
  91  6:16  Marine, Marauder  
  96  6:19  Marine  
  96  6:23  Marauder  
  99  6:26  SCV  
  99  6:27  SCV  
  99  6:28  Orbital Command  
  101  6:35  Marine  
  101  6:37  Marine, Barracks Reactor, Barracks Tech Lab  
  101  6:38  Marauder  
  105  6:44  Marauder  
  106  6:48  SCV x2  
  106  6:57  Marine x2, Marauder  
  106  6:59  Marauder  
  106  7:00  SCV  
  106  7:01  SCV x2  
  115  7:06  Marauder  
  117  7:09  Supply Depot  
  117  7:10  Supply Depot x2  
  117  7:15  Armory  
  117  7:19  Engineering Bay  
Show
View Real Time Build Order
Export as new Build Order

Zest Protoss 

Build Orders: 1 Gate Expand, Colossus Rush 

Get SALT Encoding   

  12  0:00  Probe  
  13  0:12  Probe  
  14  0:17  Pylon  
  14  0:25  Probe (Chrono Boost)  
  15  0:37  Probe (Chrono Boost), Gateway  
  16  0:45  Probe (Chrono Boost)  
  16  0:46  Assimilator  
  17  0:51  Probe  
  18  1:03  Probe  
  19  1:15  Probe  
  20  1:24  Cybernetics Core  
  20  1:33  Nexus  
  20  1:36  Probe  
  21  1:43  Pylon  
  21  1:48  Probe  
  21  1:51  Assimilator  
  22  1:58  Adept (Chrono Boost)  
  22  2:00  Probe  
  25  2:03  Warp Gate  
  25  2:12  Probe  
  26  2:18  Stalker (Chrono Boost)  
  28  2:24  Probe  
  29  2:32  Robotics Facility  
  30  2:37  Probe (Chrono Boost)  
  30  2:44  Stalker  
  30  2:45  Probe (Chrono Boost)  
  34  2:54  Probe (Chrono Boost)  
  34  2:55  Probe (Chrono Boost)  
  35  3:00  Probe (Chrono Boost)  
  35  3:01  Probe (Chrono Boost)  
  37  3:07  Gateway  
  37  3:11  Probe  
  38  3:13  Probe  
  38  3:15  Pylon  
  38  3:19  Observer (Chrono Boost)  
  40  3:23  Probe  
  40  3:25  Probe, Assimilator  
  42  3:32  Observer (Chrono Boost)  
  43  3:35  Probe  
  43  3:37  Robotics Bay, Probe  
  45  3:41  Assimilator  
  45  3:47  Probe  
  46  3:49  Probe  
  46  3:51  Stalker  
  46  3:55  Observer  
  50  3:59  Probe  
  50  4:01  Probe, Pylon  
  52  4:11  Probe  
  52  4:13  Probe  
  54  4:21  Nexus, Colossus (Chrono Boost)  
  53  4:27  Probe x2  
  61  4:33  Extended Thermal Lance  
  61  4:36  Pylon  
  61  4:41  Probe  
  62  4:52  Gateway x2  
  62  4:54  Probe  
  63  5:00  Colossus (Chrono Boost)  
  63  5:05  Pylon  
  69  5:09  Probe  
  69  5:11  Pylon  
  69  5:23  Probe x2  
  69  5:28  Observer  
  69  5:30  Stalker, Pylon  
  69  5:35  Probe (Chrono Boost)  
  72  5:38  Probe x2 (Chrono Boost)  
  74  5:47  Probe (Chrono Boost)  
  74  5:48  Colossus (Chrono Boost)  
  74  5:49  Probe x2 (Chrono Boost)  
  77  5:52  Probe (Chrono Boost)  
  77  5:53  Sentry x2, Probe (Chrono Boost)  
  77  5:54  Probe (Chrono Boost)  
  90  5:58  Sentry  
  90  6:00  Observer  
  90  6:01  Probe  
  93  6:04  Probe  
  93  6:05  Assimilator  
  93  6:06  Probe, Assimilator  
  95  6:13  Probe  
  95  6:16  Probe, Twilight Council  
  97  6:19  Probe  
  97  6:20  Forge  
  97  6:25  Probe  
  99  6:27  Pylon  
  99  6:28  Probe  
  99  6:31  Probe  
  101  6:37  Probe  
  100  6:40  Probe  
  100  6:43  Probe, Stalker x4  
  101  7:02  Probe x2  
  101  7:07  Stalker  
  101  7:08  Stalker x3  
  111  7:11  Probe, Shield Battery  
  111  7:12  Shield Battery  
  111  7:14  Probe  
  111  7:15  Probe  
  114  7:19  Observer  
  114  7:22  Pylon  
  115  7:23  Pylon  
  115  7:25  Gateway x2  
  115  7:27  Gateway  
  109  7:36  Stalker x2  
  109  7:37  Stalker x2  
Tags
 
Add a new tag
Caveats
  • Supply blocks, unpowered buildings, or Contaminate may cause inaccurate times.
  • Supply counts are checked every 10 seconds.